 Dungeon Crawl Stone Soup version 0.25-a0-719-gde951dce62 (console) character file.

Game seed: 8269058152529242770, levelgen mode: classic

135 Duffy the Shield-Bearer (level 5, 35/41 HPs)
             Began as a Formicid Fighter on Apr 6, 2020.
             Quit the game on level 7 of the Dungeon.
             The game lasted 00:01:50 (2889 turns).

Duffy the Shield-Bearer (Formicid Fighter)          Turns: 2889, Time: 00:01:50

Health: 35/41      AC:  9    Str: 21    XL:     5   Next: 41%
Magic:  5/5        EV:  6    Int:  8    God:
Gold:   48         SH: 10    Dex: 10    Spells: 4/4 levels left

rFire    . . .     SeeInvis +   a - +0 war axe
rCold    . . .     Gourm    +   c - +0 kite shield
rNeg     . . .     Faith    .   m - +0 chain mail
rPois    .         Spirit   .   (helmet unavailable)
rElec    .         Reflect  .   (no cloak)
rCorr    .         Harm     .   (no gloves)
MR       .....                  (no boots)
Stlth    ..........             p - amulet of the gourmand
HPRegen  0.13/turn              (no ring)
MPRegen  0.09/turn              (no ring)

@: no status effects
A: permanent stasis, dig shafts and tunnels, four strong arms, antennae 3
a: Dig, Shaft Self


You were on level 7 of the Dungeon.
You were not hungry.

You visited 1 branch of the dungeon, and saw 5 of its levels.

You collected 48 gold pieces.

Inventory:

Hand Weapons
 a - a +0 war axe (weapon)
Armour
 c - a +0 kite shield (worn)
 m - a +0 chain mail (worn)
Jewellery
 p - an amulet of the gourmand (around neck)
Scrolls
 g - a scroll of magic mapping
 n - a scroll of remove curse
Potions
 d - 4 potions of might
 e - a potion of stabbing {unknown}
 h - a potion of ambrosia {unknown}
 j - a potion of heal wounds {unknown}
 k - a potion of mutation {unknown}
 r - a potion of degeneration {unknown}
Comestibles
 f - 3 rations
 q - 4 chunks of flesh


   Skills:
 - Level 3.2 Fighting
 + Level 3.9 Axes
 - Level 3.2 Armour
 + Level 5.4 Shields


You had 4 spell levels left.
You didn't know any spells.
Your spell library was empty.

Dungeon Overview and Level Annotations

Branches:
Dungeon (4/15)
 Temple: D:4-7

Altars:


Innate Abilities, Weirdness & Mutations

You cannot be hasted, slowed, berserked, paralysed or teleported.
You can dig through walls and to a lower floor.
Your four strong arms can wield two-handed weapons with a shield.
You have a pair of large antennae on your head. (SInv)


Message History

Your chain mail prevents you from hitting the quokka.
The quokka is moderately wounded.
The quokka bites you but does no damage.
You barely miss the quokka.
The quokka is moderately wounded.
The quokka bites you. You block the quokka's attack.
Your chain mail prevents you from hitting the quokka.
The quokka is moderately wounded.
You block the quokka's attack.
The quokka bites you but does no damage.
You barely miss the quokka.
The quokka is moderately wounded.
The quokka bites you but does no damage.
Your chain mail prevents you from hitting the quokka.
The quokka is moderately wounded.
The quokka bites you. You block the quokka's attack.
You barely miss the quokka.
The quokka is moderately wounded.
The quokka bites you but does no damage.
Are you sure you want to abandon this character and quit the game? (Confirm with "yes".)

{ ####+#####
{ .........#
.........###
........@r.#
.........#.#
####.##### #
#


You could see a quokka.

Vanquished Creatures
  Robin (D:2)
  4 gnolls (D:2)
  2 adders (D:2)
  A worm (D:2)
  2 leopard geckos
  4 orcs (D:2)
  A ball python (D:2)
  2 bats
  3 giant cockroaches
  5 hobgoblins
  7 jackals
  2 frilled lizards
  11 goblins (D:2)
  6 kobolds
  6 rats
57 creatures vanquished.

Notes
Turn   | Place    | Note
-------+----------+-------------------------------------------
     0 | D:1      | Duffy the Formicid Fighter began the quest for the Orb.
     0 | D:1      | Reached XP level 1. HP: 18/18 MP: 1/1
   113 | D:1      | Reached XP level 2. HP: 19/24 MP: 2/2
   129 | D:1      | Reached skill level 4 in Shields
  1178 | D:2      | Reached XP level 3. HP: 29/29 MP: 3/3
  1353 | D:2      | Noticed Robin
  1359 | D:2      | Killed Robin
  1360 | D:2      | Reached XP level 4. HP: 31/35 MP: 4/4
  1957 | D:2      | Reached skill level 5 in Shields
  1973 | D:2      | Reached XP level 5. HP: 11/41 MP: 5/5
  2878 | D:4      | You fall into a shaft and drop 3 floors!
  2889 | D:7      | Quit the game

Levels and vault maps discovered:
D:1:      sevenhm_arrival_forest_fort_small_4, layout_loops_ring
D:2:      layout_loops_cross, uniq_robin
D:3:      layout_loops_ring, uniq_natasha, uniq_sigmund
D:4:      layout_loops_ring, led_sif_pool, cheibrodos_ashenzari_chains,
          temple_fountains, minivault_19, minmay_hedge_maze, roderic_lattice_a
D:7:      layout_basic, lemuel_round_altar, grunt_qazlal_clouds, bloody_makhleb,
          marbit_many_paths, cheibrodos_worm_habitat, serial_shops,
          nicolae_shop_crystal, kennysheep_minor_cross, trog_wizard

Skill      XL: |  1  2  3  4 |
---------------+-------------+-----
Shields        | 4 5 |  5.4
Axes           | 3 |  3.9
Fighting       | |  3.2
Armour         | |  3.2

Action                   |  1- 3 |  4- 6 || total
-------------------------+-------+-------++-------
Melee: War axe           |    83 |   113 ||   196
 Abil: Dig               |       |     1 ||     1
       Shaft Self        |       |     1 ||     1
  Use: Scroll            |       |     5 ||     5
  Eat: Chunk             |     1 |     6 ||     7
Armor: Scale mail        |    48 |     4 ||    52
       Chain mail        |       |    54 ||    54
Dodge: Dodged            |    34 |    31 ||    65
Block: Kite shield       |    55 |    60 ||   115

Table legend:
 A = Non-vault XP
 B = Vault XP
 C = Vault XP percentage of total XP
 D = Non-vault monster count
 E = Vault monster count
 F = Vault count percentage of total count
                 A         B        C        D         E       F
            +---------+---------+-------+---------+---------+-------
      Total |     160 |      33 |  17.1 |      46 |      11 |  19.3
            +---------+---------+-------+---------+---------+-------
        D:1 |      27 |       0 |   0.0 |      16 |       0 |   0.0
        D:2 |     133 |      33 |  19.9 |      30 |      11 |  26.8
            +---------+---------+-------+---------+---------+-------
